cohdb
Replays
Latest Replays
All Replays
Popular Replays
Top Player Replays
Match Explorer
How It Works
Community
CoH3 Stats
Reddit
Sign in to upload your games and track your stats! →
Sign in with Steam
Match 41400714
Unlisted
Match 41400714
Overview
Messages
Build Orders
End
Construct Section Command Post
Infantry Section
Dingo Light Scout Car
Selects Heavy Armor Battlegroup
Dingo Light Scout Car
Infantry Section
Selects Rigorous Vehicle Training
Infantry Section
Infantry Section
Construct Field Infirmary
Construct Platoon Command Post
Unlock M3 Stuart Light Tanks
M3 Stuart Light Tank
Selects Light Vehicle Withdraw and Refit
Selects UNKNOWN (202330)
M3 Stuart Light Tank
Light Vehicle Withdraw and Refit
Infantry Section
Infantry Section
Grenade Package
Construct Company Command Post
Selects Forward Repair Assembly
Crusader II Medium Tank
6-pounder Anti-tank Gun Team
tupaemopopank
(502) Bad Gateway
0
0
Comments
sign in to comment!
No comments posted yet!